 Dungeon Crawl Stone Soup version 0.25.1-2-g60ff931df9 (webtiles) character file.

Game seed: 6663273745954163543

155 lepoulpe303 the Chopper (level 5, -2/47 HPs)
             Began as a Hill Orc Monk on Aug 3, 2020.
             Slain by an ogre
             ... wielding a +0 giant club
              (24 damage)
             ... on level 4 of the Dungeon.
             The game lasted 00:10:40 (3691 turns).

lepoulpe303 the Chopper (Hill Orc Monk)             Turns: 3691, Time: 00:10:41

Health: -2/47      AC:  7    Str: 15    XL:     5   Next: 37%
Magic:  5/5        EV: 10    Int: 10    God:
Gold:   165        SH:  0    Dex: 13    Spells: 4/4 levels left

rFire    . . .     SeeInvis .   a - +0 hand axe
rCold    . . .     Gourm    .   (no shield)
rNeg     . . .     Faith    .   w - +0 scale mail
rPois    .         Spirit   .   l - +0 helmet
rElec    .         Reflect  .   i - scarf {repulsion}
rCorr    .         Harm     .   (no gloves)
MR       .....                  (no boots)
Stlth    ..........             (no amulet)
HPRegen  0.15/turn              (no ring)
MPRegen  0.09/turn              (no ring)

@: repel missiles
A: no striking features
a: no special abilities


You were on level 4 of the Dungeon.
You were not hungry.

You visited 1 branch of the dungeon, and saw 4 of its levels.

You collected 165 gold pieces.

Inventory:

Hand Weapons
 a - a +0 hand axe (weapon)
Missiles
 s - 10 poisoned darts
 v - a boomerang (quivered)
Armour
 i - a scarf of repulsion (worn)
 j - a +0 ring mail
 l - a +0 helmet (worn)
 w - a +0 scale mail (worn)
Jewellery
 r - an uncursed amulet of faith {unknown}
Scrolls
 c - 2 scrolls of random uselessness {unknown}
 d - 2 scrolls of fear {unknown}
 m - a scroll of remove curse {unknown}
 o - 2 scrolls of identify {unknown}
 p - a scroll of teleportation {unknown}
 t - 2 scrolls of noise {unknown}
Potions
 f - 2 potions of mutation {unknown}
 g - a potion of heal wounds
 h - a potion of degeneration {unknown}
 k - a potion of ambrosia {unknown}
 n - 2 potions of berserk rage {unknown}
 q - 3 potions of curing
 u - a potion of cancellation {unknown}
Comestibles
 e - 5 rations


   Skills:
 * Level 4.9 Fighting
 * Level 5.5 Axes
 + Level 2.0 Armour
 + Level 3.0 Dodging
 - Level 1.5 Stealth


You had 4 spell levels left.
You didn't know any spells.
Your spell library was empty.

Dungeon Overview and Level Annotations

Branches:
Dungeon (4/15)
 Temple: D:4-7

Altars:
Kikubaaqudgha

Annotations:
D:4 Blork the orc


Message History

The ogre shouts!
There is a stone staircase leading up here.
Throwing (i - inventory)
v - a boomerang (quivered)
Aim: an ogre, wielding a +0 giant club You throw a boomerang.
The boomerang hits the ogre.
You hit the ogre but do no damage. The ogre completely misses you.
You hit the ogre. The ogre hits you but does no damage.
You hit the ogre. The ogre closely misses you.
You hit the ogre. The ogre completely misses you.
You barely miss the ogre. You hit the phantom. The phantom misses you.
You hit the ogre. You barely miss the phantom.
The phantom blinks!
The ogre hits you with a +0 giant club!!
Ouch! That really hurt!
* * * LOW HITPOINT WARNING * * *
You take 25 damage, and have 22/47 hp.
MASSIVE DAMAGE!!
You closely miss the ogre.
The ogre hits you with a +0 giant club!!
Ouch! That really hurt!
You die...

######
#####.....##
#..........#
#...@.......
#..O........
#...$.......
#...........
#...........
#.....W.....
#...........
##..........


You could see a phantom and an ogre.

Levels and vault maps discovered:
D:1:      elethiomel_arrival_shortcut, layout_basic
D:2:      layout_rooms, nicolae_overflow_crystal_walls, first_ration
D:3:      layout_basic, uniq_robin
D:4:      layout_rooms, uniq_blork_the_orc

Notes
Turn   | Place    | Note
-------+----------+-------------------------------------------
     0 | D:1      | lepoulpe303 the Hill Orc Monk began the quest for the Orb.
     0 | D:1      | Reached XP level 1. HP: 19/19 MP: 1/1
   186 | D:1      | Identified a +0 club
   415 | D:1      | Identified a scarf of repulsion (You found it on level 1 of
                  | the Dungeon)
   442 | D:1      | Identified a +0 ring mail (You found it on level 1 of the
                  | Dungeon)
   523 | D:1      | Reached XP level 2. HP: 26/27 MP: 2/2
   630 | D:1      | Identified a cursed -2 dagger
   662 | D:1      | Identified a +0 club
   807 | D:1      | Identified a +0 club
   864 | D:1      | Reached skill level 4 in Fighting
  1239 | D:2      | Identified a +0 dagger
  1250 | D:2      | Reached skill level 1 in Armour
  1383 | D:2      | Reached XP level 3. HP: 33/33 MP: 3/3
  1413 | D:2      | Identified a +0 club
  1415 | D:2      | Identified a +0 club
  1540 | D:2      | Found an ancient bone altar of Kikubaaqudgha.
  1579 | D:2      | Identified a +0 club
  1810 | D:3      | Reached XP level 4. HP: 11/41 MP: 4/4
  1810 | D:3      | HP: 10/41 [poisoned by an adder]
  1813 | D:3      | Identified 4 potions of curing
  2198 | D:3      | Identified a cursed -2 war axe
  2201 | D:3      | Reached skill level 5 in Axes
  2355 | D:3      | Identified a +0 dagger
  2355 | D:3      | Identified a +0 club
  2355 | D:3      | Identified a +0 dagger
  2355 | D:3      | Identified a +0 club
  2355 | D:3      | Identified a +0 dagger
  2355 | D:3      | Identified a +0 club
  2355 | D:3      | Identified a +0 dagger
  2355 | D:3      | Identified a +0 trident
  2355 | D:3      | Identified a +1 animal skin
  2355 | D:3      | Identified a +0 helmet
  2355 | D:3      | Noticed Robin
  2356 | D:3      | Identified a +2 dagger of pain
  2688 | D:3      | Killed Robin
  2808 | D:3      | Identified a +0 flail
  2829 | D:3      | Identified a +0 club
  2829 | D:3      | Identified a +0 scale mail
  2832 | D:3      | Identified a +0 robe
  2849 | D:3      | Identified a +0 hand axe
  2849 | D:3      | Identified a +0 hunting sling
  2851 | D:3      | Reached XP level 5. HP: 36/47 MP: 5/5
  2863 | D:3      | Identified a +0 dagger
  2925 | D:3      | Identified a +0 flail
  3623 | D:4      | Identified a +0 scimitar
  3623 | D:4      | Identified a +0 robe
  3623 | D:4      | Noticed Blork the orc
  3637 | D:3      | Reached skill level 2 in Armour
  3637 | D:3      | Reached skill level 3 in Dodging
  3683 | D:4      | Noticed a phantom
  3683 | D:4      | Identified a +0 giant club
  3683 | D:4      | Noticed an ogre
  3691 | D:4      | Slain by an ogre

Table legend:
 A = Turns spent in this place as a percentage of turns spent in the entire game.
 B = Non-inter-level travel turns spent in this place as a percentage of non-inter-level travel turns spent in the entire game.
 C = Inter-level travel turns spent in this place as a percentage of turns spent in this place.
 D = Turns resting spent in this place as a percentage of non-inter-level travel turns spent in this place.
 E = Turns spent auto-exploring this place as a percentage of non-inter-level travel turns spent in this place.
 F = Non-inter-level travel turns spent in this place divided by the number of levels of this place that you've seen.
                   A       B       C       D       E      F
               +-------+-------+-------+-------+-------+----------------------
         Total | 100.0 | 100.0 |   8.6 |  20.0 |  61.3 | 843.2
       Dungeon | 100.0 | 100.0 |   8.6 |  20.0 |  61.3 | 843.2
               +-------+-------+-------+-------+-------+----------------------

Table legend:
 A = Kills in this place as a percentage of kills in entire the game.
 B = Kills by you in this place as a percentage of kills by you in the entire game.
 C = Kills by friends in this place as a percentage of kills by friends in the entire game.
 D = Other kills in this place as a percentage of other kills in the entire game.
 E = Experience gained in this place as a percentage of experience gained in the entire game.
 F = Experience gained in this place divided by the number of levels of this place that you have seen.
                   A       B       C       D       E      F
               +-------+-------+-------+-------+-------+----------------------
         Total | 100.0 | 100.0 |   N/A |   N/A | 100.0 |  55.5
       Dungeon | 100.0 | 100.0 |   N/A |   N/A | 100.0 |  55.5
               +-------+-------+-------+-------+-------+----------------------

Skill      XL: |  1  2  3  4  5 |
---------------+----------------+-----
Fighting       | 4 |  4.9
Armour         | 1 2 |  2.0
Axes           | 5 |  5.5
Dodging        | 3 |  3.0
Stealth        | |  1.5

Action                   |  1- 3 |  4- 6 || total
-------------------------+-------+-------++-------
Melee: Hand axe          |   124 |   123 ||   247
Throw: Dart              |       |    22 ||    22
       Boomerang         |       |     5 ||     5
  Use: Potion            |       |     1 ||     1
 Stab: Sleeping          |     2 |       ||     2
  Eat: Chunk             |     3 |     4 ||     7
       Ration            |       |     1 ||     1
Armor: Robe              |     5 |       ||     5
       Ring mail         |    27 |    30 ||    57
       Scale mail        |       |     8 ||     8
Dodge: Dodged            |    78 |    64 ||   142
       Repelled          |     1 |     2 ||     3

Vanquished Creatures
  A hound (D:3)
  Robin (D:3)
  3 adders
  An ooze (D:2)
  2 worms
  2 dart slugs
  2 leopard geckos
  6 orcs (D:3)
  2 giant cockroaches
  16 goblins
  6 hobgoblins
  2 jackals (D:2)
  7 kobolds
  2 bats
  6 frilled lizards
  7 rats
66 creatures vanquished.
